Map: Thunderbird LE

Players

Lillekanin

  • Race: Terran Terran
  • Spawn Location: 11:00

Kas - Winner!

  • Race: Terran Terran
  • League: Platinum
  • Spawn Location: 5:00

Event: 2019 WCS Summer

VOD

Have the link to the VOD?

Description

Time

  • Played on: July 12, 2019, 8:08 a.m.
  • Length: 13:23

All games in this series

Show
View Real Time Build Order
Export as new Build Order

Lillekanin Terran 

Build Orders: Cyclone Opening, Mech 

Get SALT Encoding   

  12  0:00  SCV  
  13  0:13  SCV  
  14  0:17  Supply Depot  
  14  0:25  SCV  
  14  0:27  Refinery  
  15  0:38  SCV  
  16  0:46  Barracks  
  16  0:51  SCV  
  17  0:57  Refinery  
  17  1:03  SCV  
  18  1:15  SCV  
  20  1:34  Factory  
  20  1:35  Orbital Command  
  20  1:36  Reaper  
  20  1:47  Supply Depot  
  20  2:01  SCV  
  21  2:09  Barracks Tech Lab  
  21  2:13  SCV  
  22  2:23  Command Center  
  22  2:27  SCV  
  23  2:33  Cyclone  
  26  2:41  Reaper  
  26  2:42  SCV  
  28  2:51  Supply Depot  
  28  2:54  SCV  
  29  3:00  Starport  
  29  3:06  SCV  
  30  3:15  Cyclone  
  30  3:19  SCV  
  34  3:21  Refinery  
  34  3:29  Mag-Field Accelerator  
  34  3:30  Refinery  
  34  3:31  SCV  
  35  3:36  Starport Tech Lab  
  35  3:40  Orbital Command  
  35  3:45  SCV  
  36  3:57  SCV, Cyclone  
  40  4:07  SCV  
  40  4:09  SCV  
  42  4:11  Supply Depot  
  41  4:17  Raven  
  41  4:20  SCV  
  41  4:21  SCV  
  45  4:31  Cyclone  
  48  4:32  SCV  
  48  4:33  SCV  
  50  4:42  Factory  
  50  4:44  SCV  
  52  4:45  SCV  
  52  4:56  SCV  
  52  4:57  SCV  
  54  5:02  Supply Depot  
  54  5:08  SCV  
  54  5:09  Starport Reactor, SCV  
  54  5:13  Cyclone  
  59  5:20  SCV  
  60  5:22  SCV  
  61  5:32  SCV  
  61  5:34  SCV  
  63  5:37  Command Center  
  63  5:38  Factory  
  63  5:43  Siege Tank  
  63  5:46  Supply Depot  
  63  5:47  Viking  
  63  5:48  Armory  
  68  6:00  Supply Depot  
  68  6:08  Siege Tank, Infernal Pre-Igniter  
  71  6:14  Armory  
  71  6:16  SCV  
  72  6:20  Supply Depot  
  72  6:21  Supply Depot  
  71  6:32  Siege Tank  
  71  6:34  Viking  
  71  6:35  Factory Reactor  
  71  6:39  Terran Vehicle Weapons Level 1  
  73  6:55  Siege Tank  
  73  6:59  Viking  
  78  7:02  SCV  
  78  7:05  Viking, Hellion  
  83  7:08  SCV  
  83  7:11  Engineering Bay  
  83  7:13  Supply Depot  
  83  7:14  SCV  
  85  7:18  Barracks, SCV  
  86  7:26  Hellion  
  88  7:30  Siege Tank  
  88  7:33  SCV x2  
  90  7:38  Viking  
  90  7:41  SCV  
  93  7:45  SCV x2  
  93  7:47  Siege Tank, Refinery  
  98  7:51  Refinery  
  98  7:54  SCV  
  98  7:56  Viking  
  98  8:02  Siege Tank, SCV x2  
  103  8:09  Orbital Command  
  103  8:14  SCV x2  
  103  8:15  Viking  
  103  8:16  Sensor Tower  
  107  8:23  Hellion  
  107  8:26  SCV x2  
  111  8:29  Siege Tank  
  111  8:33  Hellion  
  113  8:36  Viking  
  113  8:37  Sensor Tower  
  113  8:40  SCV  
  116  8:48  Viking  
  118  8:55  Factory  
  118  8:56  Factory  
  118  8:59  Missile Turret  
  118  9:00  Missile Turret  
  118  9:01  Siege Tank  
  121  9:09  Siege Tank  
  109  9:26  Hellion x2  
  109  9:27  Viking  
  115  9:33  Cyclone  
  115  9:36  SCV x2  
  115  9:40  Factory Tech Lab x2  
  115  9:41  Cyclone  
  118  9:47  Hellion  
  118  9:51  Viking  
  120  9:55  Starport  
  120  9:58  Command Center  
  118  10:00  Thor  
  118  10:05  SCV  
  125  10:07  Hellion x2  
  120  10:36  Siege Tank  
  120  10:37  Hellion x3  
  127  10:43  Terran Vehicle Weapons Level 2  
  127  10:44  Siege Tank, Terran Vehicle And Ship Armor Level 1  
  127  10:45  Hellion  
  127  10:46  SCV  
  133  10:51  Missile Turret x2  
  133  10:52  Missile Turret  
  133  10:57  Starport Reactor  
  133  11:00  Supply Depot  
  133  11:09  Viking x2  
  133  11:10  Hellion  
  139  11:11  Supply Depot  
  139  11:12  Supply Depot  
  139  11:15  Missile Turret  
  139  11:17  Missile Turret  
  139  11:18  Missile Turret  
  139  11:23  Siege Tank, Hellion  
  144  11:33  Siege Tank  
  144  11:37  Supply Depot  
  144  11:38  Viking, Supply Depot  
  149  11:49  Siege Tank x2  
  149  11:50  Hellion  
  154  11:58  Viking  
  154  12:00  SCV, Supply Depot  
  157  12:09  Viking x2  
  157  12:11  SCV  
  162  12:21  Siege Tank, Missile Turret  
  162  12:22  Missile Turret  
  165  12:25  Supply Depot  
  165  12:26  Viking  
  167  12:32  Viking  
  169  12:39  Viking  
  169  12:40  Viking  
Show
View Real Time Build Order
Export as new Build Order

Kas Terran - Winner!

Build Orders: Gas First Reaper Expand 

Get SALT Encoding   

  12  0:00  SCV  
  13  0:13  SCV  
  14  0:17  Supply Depot  
  14  0:25  SCV  
  15  0:28  Refinery  
  15  0:38  SCV  
  16  0:44  Barracks  
  16  0:50  SCV  
  17  1:02  SCV  
  18  1:15  SCV  
  19  1:30  Orbital Command  
  19  1:31  Reaper  
  20  1:51  Command Center  
  20  1:56  Factory  
  20  2:04  Refinery  
  20  2:07  Barracks Reactor  
  20  2:14  Supply Depot  
  20  2:15  SCV  
  21  2:28  SCV  
  22  2:42  Starport  
  22  2:43  Factory Tech Lab  
  22  2:44  Marine  
  22  2:45  Marine  
  22  2:49  SCV  
  24  3:01  SCV  
  24  3:03  Orbital Command  
  25  3:07  Cyclone  
  28  3:13  SCV  
  28  3:18  Starport Tech Lab  
  29  3:21  Marine x2  
  29  3:24  Orbital Command  
  29  3:25  SCV  
  32  3:37  SCV  
  36  3:43  Raven, Refinery  
  36  3:44  Marine x2  
  37  3:49  SCV  
  37  3:52  SCV, Supply Depot  
  38  4:01  SCV  
  39  4:02  Marine  
  39  4:04  SCV  
  39  4:05  Marine  
  39  4:09  Siege Tank  
  45  4:14  SCV  
  46  4:18  SCV  
  46  4:20  Marine  
  46  4:23  Marine  
  49  4:25  Supply Depot  
  49  4:26  SCV  
  49  4:30  SCV  
  51  4:31  Raven  
  51  4:38  SCV  
  54  4:41  Supply Depot  
  54  4:46  Marine, SCV  
  54  4:50  SCV  
  54  4:51  Supply Depot  
  57  4:58  SCV  
  57  4:59  Marine  
  59  5:02  Siege Tank  
  59  5:03  SCV  
  59  5:04  Supply Depot  
  64  5:11  SCV  
  65  5:15  SCV  
  65  5:23  SCV  
  65  5:24  Viking x2  
  65  5:27  Marine, SCV  
  72  5:28  Stimpack  
  72  5:35  SCV, Command Center  
  73  5:38  Siege Tank  
  73  5:39  SCV  
  77  5:43  Refinery, Supply Depot  
  77  5:45  Supply Depot  
  77  5:47  SCV  
  78  5:51  SCV  
  78  5:56  Viking x2  
  83  5:59  SCV  
  84  6:06  SCV  
  84  6:09  Barracks  
  84  6:11  Marine  
  85  6:13  Siege Tank  
  85  6:15  SCV  
  90  6:24  SCV  
  89  6:29  Viking x2  
  89  6:30  Marine  
  91  6:36  SCV  
  91  6:37  Engineering Bay x2  
  91  6:39  Barracks, Supply Depot  
  92  6:40  SCV  
  93  6:47  Siege Tank  
  93  6:48  Orbital Command  
  96  6:55  SCV  
  96  7:01  Viking x2  
  99  7:03  SCV  
  99  7:07  SCV, Terran Infantry Weapons Level 1  
  99  7:08  Barracks Reactor  
  103  7:13  Orbital Command  
  103  7:16  SCV, Supply Depot  
  103  7:19  SCV  
  105  7:23  Barracks  
  105  7:24  Barracks  
  99  7:30  Combat Shield  
  99  7:32  Barracks Tech Lab  
  99  7:36  SCV  
  100  7:40  Medivac x2  
  100  7:41  SCV x2  
  100  7:43  Supply Depot  
  106  7:50  Marauder, Marine x3, SCV  
  112  7:53  SCV x2  
  112  7:57  Terran Infantry Armor Level 1  
  114  8:00  Armory  
  114  8:02  SCV  
  115  8:06  SCV  
  115  8:08  SCV  
  115  8:09  Concussive Shells  
  115  8:11  Marauder  
  115  8:12  Barracks Reactor, Marauder, Barracks Tech Lab  
  121  8:13  Marine x2  
  121  8:14  Refinery  
  121  8:17  Refinery  
  121  8:19  Barracks  
  123  8:20  Barracks x2  
  123  8:31  Command Center  
  123  8:36  Marauder x2, Marine x3  
  123  8:38  SCV x2  
  132  8:43  Supply Depot  
  132  8:44  Supply Depot  
  132  8:45  Supply Depot  
  132  8:53  Marine x2  
  132  8:54  Marauder  
  136  8:58  Marauder x2  
  140  9:04  SCV  
  140  9:05  Viking x2  
  143  9:17  SCV  
  143  9:18  Marauder, Barracks Tech Lab  
  143  9:19  Barracks Reactor  
  143  9:20  SCV x2  
  150  9:31  Marauder x2  
  150  9:32  Marine  
  150  9:33  Marine  
  150  9:35  SCV x3  
  157  9:39  Refinery, Starport  
  157  9:40  Marauder, Liberator x2, Starport  
  161  9:45  Marauder  
  161  9:46  Command Center  
  161  9:47  Orbital Command, SCV x2  
  161  9:49  Refinery  
  165  9:53  Marauder x2  
  165  9:57  SCV  
  165  9:58  Siege Tank  
  177  10:01  Marauder  
  177  10:02  SCV  
  177  10:03  Barracks Tech Lab  
  180  10:08  Supply Depot  
  180  10:09  Marauder, Marine, SCV x2  
  177  10:21  Starport Tech Lab  
  177  10:22  Starport Reactor  
  177  10:26  Terran Vehicle And Ship Armor Level 1  
  177  10:27  Terran Infantry Weapons Level 2  
  177  10:28  Liberator, Terran Infantry Armor Level 2, Fusion Core  
  164  10:37  Marine x2, Marauder x5  
  164  10:38  Marine x2  
  164  10:42  SCV  
  170  10:56  Marine x2  
  172  10:58  Marauder x2, Marine  
  172  10:59  Marauder x2  
  172  11:00  Orbital Command  
  181  11:06  Viking  
  181  11:07  Viking x3  
  189  11:12  Command Center  
  189  11:15  Sensor Tower  
  189  11:20  Advanced Ballistics  
  189  11:28  Viking  
  189  11:31  Armory  
  189  11:36  Viking x2  
  189  11:37  Viking  
  195  11:44  Viking, Command Center  
  195  11:45  Marine x2  
  199  12:23  Starport  
  199  12:24  Starport  
  199  12:27  Orbital Command  
  199  12:30  Refinery  
  199  12:31  Refinery  
  199  12:33  Command Center  
  199  12:43  Command Center x2  
  199  12:45  Command Center  
  199  12:46  Command Center  
  199  12:55  Marauder x2  
  191  13:19  Starport Reactor x2  
Tags
 
Add a new tag
Caveats
  • Supply blocks, unpowered buildings, or Contaminate may cause inaccurate times.
  • Supply counts are checked every 10 seconds.